 Dungeon Crawl Stone Soup version 0.30-a0-937-ga0a21ad780 (webtiles) character file.

Game seed: 4193387233161247289

70 FexLirch the Digger (level 4, -3/33 HPs)
             Began as a Meteoran Earth Elementalist on Mar 24, 2023.
             Was an Initiate of Cheibriados.
             Slain by Grinder (5 damage)
             ... on level 3 of the Dungeon.
             The game lasted 00:03:16 (416 turns).

FexLirch the Digger (Meteoran Earth Elementalist)    Turns: 416, Time: 00:03:16

Health: -3/33      AC:  4    Str: 10    XL:     4   Next: 72%
Magic:  4/10       EV: 12    Int: 20    God:    Cheibriados [......]
Gold:   57         SH:  0    Dex: 15    Spells: 6/10 levels left

rFire   . . .      SeeInvis .    h - +0 long sword
rCold   . . .      Faith    .    (no shield)
rNeg    . . .      Spirit   .    i - +0 leather armour
rPois   .          Reflect  .    (no helmet)
rElec   .          Rampage  .    k - +0 cloak
rCorr   .                        (no gloves)
Will    .....                    (no boots)
Stlth   +                        (no amulet)
HPRegen 0.25/turn                (no ring)
MPRegen 0.12/turn                (no ring)

@: glowing, very slow
A: sense surroundings 1, otherworldly, glowing, explore regen
a: Renounce Religion


You were on level 3 of the Dungeon.
You worshipped Cheibriados.
Cheibriados was noncommittal.
You visited 1 branch of the dungeon, and saw 3 of its levels.

You collected 57 gold pieces.

Inventory:

Hand Weapons
 b - a +0 flail of protection
 h - a +0 long sword (weapon)
Armour
 i - a +0 leather armour (worn)
 k - a +0 cloak (worn)
Scrolls
 d - a scroll of blinking {unknown}
 j - 2 scrolls of enchant armour
Potions
 f - a potion of curing


   Skills:
 - Level 2.4 Dodging
 - Level 1.4 Stealth
 + Level 3.8 Spellcasting
 + Level 2.4 Conjurations
 - Level 1.2 Transmutations
 + Level 4.5 Earth Magic


You had 6 spell levels left.
You knew the following spells:

 Your Spells              Type           Power      Damage    Failure   Level
a - Sandblast             Erth           44%        2d11      2%          1
b - Passwall              Tmut/Erth      12%        N/A       9%          2
c - Apportation           Tloc           6%         N/A       19%         1

Your spell library contained the following spells:

 Spells                   Type           Power      Damage    Failure   Level
 Stone Arrow              Conj/Erth      34%        3d9       13%         3
 Necrotise                Necr           12%        1d4       19%         1
 Summon Small Mammal      Summ           12%        N/A       19%         1
 Petrify                  Tmut/Erth      15%        N/A       47%         4


Dungeon Overview and Level Annotations

Branches:
Dungeon (3/15) Zot: 2098

Altars:
Cheibriados

Annotations:
D:3 Grinder


Innate Abilities, Weirdness & Mutations

You passively map a small area around you.
You are easily found by Zot.
You glow in the dark.
You regain HP and MP as you explore.


Message History

Grinder blinks!
The orc hits you but does no damage. The orc hits you with a +0 dagger.
Casting: Sandblast (safe; 2% risk of failure)
Confirm with . or Enter, or press ? or * to list all spells.
Aiming: Sandblast (safe; 2% risk of failure)
Press: ? - help, Shift-Dir - straight line, f/p - orc
Aim: an orc, wielding a +0 dagger and wearing a +0 scale mail (heavily wounded, 85% to hit)
The blast of sand hits the orc!
You kill the orc!
Cheibriados thoroughly appreciates the change of pace.
Grinder gestures at you.
You suddenly lose the ability to move!
Grinder gestures at you.
You shrug off the repeated paralysis!
Grinder hits you!
You writhe in agony.
* * * LOW HITPOINT WARNING * * *
You can move again.
Unknown command.
Casting: Sandblast (safe; 2% risk of failure)
Confirm with . or Enter, or press ? or * to list all spells.
Okay, then.
Unknown command.
You aren't carrying any items that you can evoke.
Unknown command.
Unknown command.
Casting: Sandblast (safe; 2% risk of failure)
Confirm with . or Enter, or press ? or * to list all spells.
Okay, then.
Unknown command.
Casting: Sandblast (safe; 2% risk of failure)
Confirm with . or Enter, or press ? or * to list all spells.
Aiming: Sandblast (safe; 2% risk of failure)
Press: ? - help, Shift-Dir - straight line, f - Grinder
Aim: Grinder (81% to hit)
The blast of sand hits Grinder!
Grinder is lightly wounded.
Grinder hits you!
* * * LOW HITPOINT WARNING * * *
You writhe in agony.
You die...

#,, #.# .# #. ##.## ..#
,##..####...##..# ,
,.......(.......#
###.##........# , , ,
##.......# #####......#
###..<.......# ,
#..@###....### * #..5#
#....# ...#####)###....#
*
....5.).......†.#########
*
....#...............).)).
. #...#>...####.#####.###
, #.............#* #.#
#.###.>........, ..# #.
##.######### ####


You could see Grinder.

Vanquished Creatures
  4 gnolls (D:3)
  2 dart slugs (D:3)
  3 orcs (D:3)
  An endoplasm (D:3)
  A giant cockroach (D:1)
  A goblin (D:1)
  A hobgoblin (D:1)
  3 jackals (D:1)
  A quokka (D:1)
  A ball python (D:2)
  3 bats
  2 frilled lizards
  2 kobolds
25 creatures vanquished.

Notes
Turn   | Place    | Note
-------+----------+-------------------------------------------
     0 | D:1      | FexLirch the Meteoran Earth Elementalist began the quest
                  | for the Orb.
     0 | D:1      | Reached XP level 1. HP: 14/14 MP: 5/5
    48 | D:1      | Reached XP level 2. HP: 20/20 MP: 4/6
    81 | D:1      | Reached skill level 1 in Conjurations
   212 | D:2      | Learned a level 2 spell: Passwall
   223 | D:2      | Learned a level 1 spell: Apportation
   232 | D:3      | Found a snail-covered altar of Cheibriados.
   240 | D:3      | Reached skill level 4 in Earth Magic
   244 | D:3      | Reached XP level 3. HP: 26/26 MP: 3/8
   252 | D:3      | Became a worshipper of Cheibriados the Contemplative
   296 | D:3      | Reached XP level 4. HP: 12/33 MP: 0/10
   401 | D:3      | Noticed Grinder
   411 | D:3      | Paralysed by Grinder for 5 turns
   416 | D:3      | Slain by Grinder

Illustrated notes

Levels and vault maps discovered:
D:1:      psy_arrival_heroes, layout_loops_ring, chequers_serial_rivers_micro_c
D:2:      layout_basic, basic_altar
D:3:      layout_loops_ring, cheibriados_altar_1, mainiacjoe_overflow_alcove_2,
          uniq_grinder

Skill      XL: |  1  2  3 |
---------------+----------+-----
Conjurations   | 1 2 |  2.4
Spellcasting   | 3 |  3.8
Earth Magic    | 4 |  4.5
Dodging        | |  2.4
Stealth        | |  1.4
Transmutations | |  1.2

Action                     |  1- 3 |  4- 6 || total
---------------------------+-------+-------++-------
   Cast: Sandblast         |    27 |    13 ||    40
    Use: Scroll            |       |     2 ||     2
         Potion            |       |     1 ||     1
 Armour: Robe              |     1 |       ||     1
         Leather armour    |       |     2 ||     2
  Dodge: Dodged            |     8 |     6 ||    14

Table legend: (Time is in decaauts)
 A = Elapsed time spent in this place.
 B = Non-inter-level travel time spent in this place.
 C = Inter-level travel time spent in this place.
 D = Time resting spent in this place.
 E = Time spent auto-exploring this place.
 F = Levels seen in this place.
 G = Mean time per level.
                   A        B        C        D        E       F      G
               +--------+--------+--------+--------+--------+-----+--------+
         Total |    469 |    469 |      0 |      0 |      0 |   3 |  156.3 |
       Dungeon |    469 |    469 |      0 |      0 |      0 |   3 |  156.3 |
               +--------+--------+--------+--------+--------+-----+--------+

Top non-repeatable levels by time:
     D:2: 194 daAuts
     D:3: 163 daAuts
     D:1: 111 daAuts
